 Dungeon Crawl Stone Soup version 0.29-a0-378-gc08b2e8bf8 (webtiles) character file.

Game seed: 12675403044821480800

968 OTABOTABOTAB the Destroyer (level 7, -7/36 HPs)
             Began as a Deep Elf Conjurer on May 4, 2022.
             Was an Initiate of Vehumet.
             Mangled by Prince Ribbit (17 damage)
             ... on level 5 of the Dungeon.
             The game lasted 00:12:13 (6132 turns).

OTABOTABOTAB the Destroyer (Deep Elf Conjurer)      Turns: 6132, Time: 00:12:14

Health: -7/36      AC:  2    Str: 12    XL:     7   Next: 93%
Magic:  4/18       EV: 12    Int: 23    God:    Vehumet [......]
Gold:   270        SH:  0    Dex: 13    Spells: 7/18 levels left

rFire   + . .      SeeInvis .   j - staff of conjuration
rCold   . . .      Faith    .   (no shield)
rNeg    . . .      Spirit   .   t - +0 robe
rPois   .          Reflect  .   (no helmet)
rElec   .          Harm     .   g - scarf {repulsion}
rCorr   .          Rampage  .   (no gloves)
Will    .....                   (no boots)
Stlth   ++........              (no amulet)
HPRegen 0.12/turn               z - +6 ring of strength
MPRegen 0.16/turn               F - ring of protection from fire {rF+, !d}

@: very slightly contaminated, studying Unarmed Combat, repel missiles
A: no striking features
a: Renounce Religion


You were on level 5 of the Dungeon.
You worshipped Vehumet.
Vehumet was noncommittal.
You visited 2 branches of the dungeon, and saw 6 of its levels.

You collected 270 gold pieces.

Inventory:

Missiles
 e - 2 boomerangs
 l - a throwing net {!d}
 p - 6 poisoned darts
 s - 96 stones
Armour
 g - a scarf of repulsion (worn)
   (You found it on level 5 of the Dungeon)
 t - a +0 robe (worn)
Magical Staves
 j - a staff of conjuration (weapon)
   (You found it on level 5 of the Dungeon)
Jewellery
 c - an amulet of guardian spirit
   (You found it on level 4 of the Dungeon)
 f - a ring of fire {rF+, rC-}
   (You found it on level 2 of the Dungeon)
 z - a +6 ring of strength (left hand)
   (You found it on level 3 of the Dungeon)
 F - a ring of protection from fire (right hand) {rF+, !d}
   (You took it off a hobgoblin on level 4 of the Dungeon)
Wands
 y - a wand of mindburst (10)
   (You found it on level 3 of the Dungeon)
Scrolls
 a - a scroll of identify {@r1}
 d - a scroll of summoning {unknown}
 h - 3 scrolls of fog {unknown}
 u - a scroll of enchant weapon {unknown}
 w - a scroll of brand weapon {unknown}
 x - a scroll of acquirement {unknown}
 O - a scroll of silence
Potions
 i - 2 potions of mutation {unknown}
 q - 2 potions of magic
 B - 3 potions of brilliance
 H - a potion of haste
 J - 5 potions of curing {@q1}
 L - 3 potions of flight
 M - a potion of might
 P - a potion of lignification {!q}
 R - a potion of resistance
 T - a potion of berserk rage {!q}


   Skills:
 - Level 2.4 Dodging
 - Level 2.4 Stealth
 + Level 6.4 Spellcasting
 * Level 8.2 Conjurations
 + Level 4.3 Hexes
 + Level 3.6 Translocations


You had 7 spell levels left.
You knew the following spells:

 Your Spells              Type           Power      Damage    Failure   Level
a - Magic Dart            Conj           100%       1d8       1%          1
b - Searing Ray           Conj           100%       2d8       1%          2
c - Fulminant Prism       Conj/Hex       26%        3d14      6%          4
x - Iskenderun's Mystic   Conj/Tloc      51%        2d11      7%          4

Your spell library contained the following spells:

 Spells                   Type           Power      Damage    Failure   Level
 Dazzling Flash           Conj/Hex       100%       N/A       1%          3
 Summon Small Mammal      Summ           28%        N/A       9%          1
 Summon Guardian Golem    Hex/Summ       17%        N/A       10%         3
 Call Canine Familiar     Summ           7%         N/A       24%         3


Dungeon Overview and Level Annotations

Branches:
Dungeon (5/15)             Temple (1/1) D:5

Altars:
Ashenzari
Cheibriados
Dithmenos
Elyvilon
Fedhas
Gozag
Hepliaklqana
Kikubaaqudgha
Makhleb
Nemelex Xobeh
Qazlal
Sif Muna
Trog
Uskayaw
Vehumet
Xom
Yredelemnul
The Shining One

Shops:
D:3 (   D:5 :

Annotations:
D:5 Prince Ribbit


Message History

You kill the killer bee!
Vehumet accepts your kill.
The blast of energy engulfs the killer bee!!
You kill the killer bee!
Vehumet accepts your kill.
Your Conjurations skill increases to level 8!
Your Hexes skill increases to level 4!
Aim: a killer bee (65% to hit)
You feel a surge of power!
The searing ray misses the killer bee. (Press . to maintain the ray.)
The killer bee completely misses you.
You now have 8/18 mp.
The searing ray hits the killer bee!
The killer bee stings you. The killer bee stings you!
You take 14 damage, and have 22/36 hp.
MASSIVE DAMAGE!!
The searing ray hits the killer bee!
You kill the killer bee!
Vehumet accepts your kill.
You now have 7/18 mp.
You start resting.
Health restored: 36; MP restored: 18
There is an open door here.
You see here a killer bee corpse.
You see here a killer bee corpse.
h - 3 scrolls labelled MIELIVVAEG (gained 1)
You see here a +0 cloak.
You open the door.
There is an open door here.
You see here a +0 cloak.
An adder comes into view.
You can't see any susceptible monsters within range! (Use Z to cast anyway.) Unknown command.
The adder hisses angrily.
Aim: an adder (72% to hit)
You feel a surge of power!
The searing ray hits the adder! (Press . to maintain the ray.)
You now have 16/18 mp.
The searing ray hits the adder!
You kill the adder!
Vehumet accepts your kill.
You now have 15/18 mp.
You now have 14/18 mp.
An ufetubus comes into view.
MP restored: 18 An ufetubus is nearby!
Aim: an ufetubus (72% to hit)
You feel a surge of power!
The searing ray hits the ufetubus!
You kill the ufetubus!
Vehumet accepts your kill. (Press . to maintain the ray.)
You now have 16/18 mp.
You now have 15/18 mp.
You now have 14/18 mp.
a - a scroll of identify {@r1} MP restored: 18 Prince Ribbit comes into view.
Prince Ribbit gives a loud, deep croak!
Prince Ribbit catches a mosquito with his tongue.
Prince Ribbit blinks!
Prince Ribbit moves out of view.
The spell is quite dangerous to miscast (6% risk of failure)!
Continue anyway? [Y]es or [N]o only, please.
The spell is quite dangerous to miscast (6% risk of failure)!
Continue anyway?
You feel a surge of power!
You miscast Fulminant Prism.
You are very lightly contaminated with residual magic.
Nothing appears to happen.
You now have 14/18 mp.
The spell is quite dangerous to miscast (6% risk of failure)!
Continue anyway?
You feel a surge of power!
You conjure a prism of explosive energy!
A fulminant prism comes into view.
You now have 10/18 mp.
Prince Ribbit hits you!
Your fulminant prism crackles loudly.
You take 9 damage, and have 27/36 hp.
MASSIVE DAMAGE!!
Aim: a fulminant prism (friendly, 100% to hit)
You feel a surge of power!
Really fire at your fulminant prism? [Y]es or [N]o only, please.
Really fire at your fulminant prism?
The searing ray misses Prince Ribbit.
The searing ray hits your fulminant prism. (Press . to maintain the ray.) Prince Ribbit blinks!
You now have 7/18 mp.
Restarting spell: Searing Ray (safe; 1% risk of failure)
Aim: Prince Ribbit (70% to hit)
You feel a surge of power!
The searing ray hits Prince Ribbit! (Press . to maintain the ray.) Prince Ribbit hits you!
You take 11 damage, and have 16/36 hp.
MASSIVE DAMAGE!!
You now have 6/18 mp.
The searing ray hits Prince Ribbit.
Prince Ribbit hits you.
* * * LOW HITPOINT WARNING * * *
You take 6 damage, and have 10/36 hp.
You now have 5/18 mp.
The searing ray hits Prince Ribbit!
Prince Ribbit hits you!
You die...

#...[............
##########
#..##.####.......
.........## #.†##.#
#.#..... ########..##
#..##.# #.###.#.
##.#.## ##.....#
#....... #.###.#
#......# #####.##
##.#.## #.#.##.# #+#
##.## #.#.##.# #
####.# #@#.##.#
######.##.## #F.#.
.#.........#####.#..
['....................
.#.##....#.#####..
...# ##.###.##..#
###.#.## ##.###.###.#
. ## #....<....# .#
#####.#####


You could see Prince Ribbit.

Vanquished Creatures
  An ogre (D:4)
  Blork the orc (D:4)
  A necrophage (D:4)
  A scorpion (D:4)
  5 killer bees (D:5)
  Crazy Yiuf (D:2)
  A hound (D:5)
  A jelly (D:5)
  An orc priest (D:4)
  2 iguanas
  9 adders
  12 gnolls
  An ufetubus (D:5)
  2 worms (D:2)
  5 dart slugs
  5 orcs
  7 endoplasms
  4 giant cockroaches
  11 goblins
  8 hobgoblins
  3 jackals
  2 quokkas
  5 ball pythons
  4 bats
  3 frilled lizards (D:2)
  9 kobolds
  3 rats
108 creatures vanquished.

Vanquished Creatures (others)
  5 fulminant prisms (D:5)
5 creatures vanquished.

Grand Total: 113 creatures vanquished

Notes
Turn   | Place    | Note
-------+----------+-------------------------------------------
     0 | D:1      | OTABOTABOTAB the Deep Elf Conjurer began the quest for the
                  | Orb.
     0 | D:1      | Reached XP level 1. HP: 10/10 MP: 6/6
   294 | D:1      | Reached XP level 2. HP: 15/15 MP: 4/8
   297 | D:1      | Learned a level 2 spell: Searing Ray
   345 | D:1      | Found a faded altar of an unknown god.
   368 | D:1      | Reached skill level 5 in Conjurations
   580 | D:1      | Reached XP level 3. HP: 19/19 MP: 7/10
  1145 | D:2      | Reached skill level 4 in Spellcasting
  1245 | D:2      | Reached XP level 4. HP: 12/24 MP: 3/12
  1522 | D:2      | Learned a level 4 spell: Fulminant Prism
  1527 | D:2      | Learned a level 4 spell: Iskenderun's Mystic Blast
  1689 | D:2      | Reached skill level 6 in Conjurations
  1810 | D:2      | Found a runed translucent door.
  1811 | D:2      | Noticed Crazy Yiuf
  1820 | D:2      | Killed Crazy Yiuf
  2012 | D:2      | Reached XP level 5. HP: 28/28 MP: 10/13
  2069 | D:2      | Reached skill level 1 in Hexes
  2215 | D:2      | Reached skill level 1 in Translocations
  3075 | D:3      | Found Ynigawna's Weapon Shoppe.
  3432 | D:4      | Reached skill level 5 in Spellcasting
  3432 | D:4      | HP: 7/28 [poisoned by a scorpion]
  3435 | D:4      | HP: 3/28 [poisoned by a scorpion]
  3729 | D:4      | Reached XP level 6. HP: 32/32 MP: 13/15
  3778 | D:4      | Reached skill level 2 in Hexes
  3788 | D:4      | Noticed Blork the orc
  3797 | D:4      | Killed Blork the orc
  3798 | D:4      | Reached skill level 2 in Translocations
  4078 | D:4      | Reached skill level 7 in Conjurations
  4432 | D:4      | Reached skill level 3 in Hexes
  4633 | D:4      | Reached XP level 7. HP: 36/36 MP: 12/17
  4827 | D:5      | Entered Level 5 of the Dungeon
  4887 | D:5      | Found a staircase to the Ecumenical Temple.
  4909 | Temple   | Entered the Ecumenical Temple
  5093 | Temple   | Became a worshipper of Vehumet
  5369 | D:5      | Found Lusug's Book Shop.
  5430 | D:5      | Reached skill level 3 in Translocations
  5711 | D:5      | Reached skill level 6 in Spellcasting
  5874 | D:5      | Reached skill level 8 in Conjurations
  5874 | D:5      | Reached skill level 4 in Hexes
  6124 | D:5      | Noticed Prince Ribbit
  6132 | D:5      | Mangled by Prince Ribbit

Illustrated notes

Levels and vault maps discovered:
D:1:      dpeg_arrival_round_a, layout_loops_ring,
          ebering_ecumenical_altar_abandoned
D:2:      wad_river_or_something, layout_basic, st_stairs_12,
          chequers_serial_rivers_micro_c, kennysheep_flooded_box,
          patterned_corridor, uniq_crazy_yiuf_cottage
D:3:      layout_basic, serial_shops, nicolae_shop_advertising_works
          [nicolae_subvault_shop_adworks]
D:4:      layout_layer_cave, uniq_blork_the_orc
D:5:      layout_loops_corners, minmay_temple_entry_offerings, serial_shops,
          nicolae_shop_waterfront, small_statue_intersection,
          uniq_prince_ribbit1
Temple:   mainiacjoe_temple_hex_bubbles

Skill      XL: |  1  2  3  4  5  6  7 |
---------------+----------------------+-----
Conjurations   | 5 6 7 8 |  8.2
Spellcasting   | 4 5 6 |  6.4
Hexes          | 1 3 4 |  4.3
Translocations | 1 2 3 |  3.6
Dodging        | |  2.4
Stealth        | |  2.4

Action                   |  1- 3 |  4- 6 |  7- 9 || total
-------------------------+-------+-------+-------++-------
 Fire: Hunting sling     |    52 |    61 |    12 ||   125
 Cast: Magic Dart        |    21 |    23 |       ||    44
       Searing Ray       |     6 |    25 |    19 ||    50
       Fulminant Prism   |       |       |     5 ||     5
  Use: Scroll            |       |    10 |       ||    10
Armor: Robe              |     7 |     5 |     1 ||    13
Dodge: Dodged            |    10 |    15 |     8 ||    33

Table legend: (Time is in decaauts)
 A = Elapsed time spent in this place.
 B = Non-inter-level travel time spent in this place.
 C = Inter-level travel time spent in this place.
 D = Time resting spent in this place.
 E = Time spent auto-exploring this place.
 F = Levels seen in this place.
 G = Mean time per level.
                   A        B        C        D        E       F      G
               +--------+--------+--------+--------+--------+-----+--------+
         Total |   6194 |   6081 |    113 |   1380 |   4002 |   6 | 1032.3 |
       Dungeon |   5994 |   5897 |     97 |   1380 |   3821 |   5 | 1198.8 |
        Temple |    200 |    184 |     16 |      0 |    181 |   1 |  200.0 |
               +--------+--------+--------+--------+--------+-----+--------+

Top non-repeatable levels by time:
     D:2: 1450 daAuts
     D:4: 1184 daAuts
     D:3: 1134 daAuts
     D:1: 1115 daAuts
     D:5: 1109 daAuts
  Temple: 200 daAuts

Table legend:
 A = Kills in this place as a percentage of kills in entire the game.
 B = Kills by you in this place as a percentage of kills by you in the entire game.
 C = Kills by friends in this place as a percentage of kills by friends in the entire game.
 D = Other kills in this place as a percentage of other kills in the entire game.
 E = Experience gained in this place as a percentage of experience gained in the entire game.
 F = Experience gained in this place divided by the number of levels of this place that you have seen.
                   A       B       C       D       E      F
               +-------+-------+-------+-------+-------+----------------------
         Total | 100.0 | 100.0 |   N/A |   N/A | 100.0 | 230.7
       Dungeon | 100.0 | 100.0 |   N/A |   N/A | 100.0 | 276.8
               +-------+-------+-------+-------+-------+----------------------
